 Dungeon Crawl Stone Soup version 0.29.1-2-gbd0b4ee654 (webtiles) character file.

Game seed: 11189073586566491121

2 jamesblauser the Chucker (level 1, -3/16 HPs)
             Began as a Draconian Wanderer on Nov 6, 2022.
             Slain by a kobold
             ... wielding a +0 whip
              (5 damage)
             ... on level 1 of the Dungeon.
             The game lasted 00:00:36 (109 turns).

jamesblauser the Chucker (Draconian Wanderer)        Turns: 109, Time: 00:00:39

Health: -3/16      AC:  4    Str: 15    XL:     1   Next: 25%
Magic:  1/1        EV: 11    Int:  9    God:
Gold:   8          SH:  0    Dex: 12    Spells: 0/0 levels left

rFire   . . .      SeeInvis .   c - +0 mace
rCold   . . .      Faith    .   (no shield)
rNeg    . . .      Spirit   .   (body armour unavailable)
rPois   .          Reflect  .   (helmet restricted)
rElec   .          Harm     .   (no cloak)
rCorr   .          Rampage  .   (no gloves)
Will    .....                   (no boots)
Stlth   +.........              (no amulet)
HPRegen 0.05/turn               (no ring)
MPRegen 0.07/turn               (no ring)

@: no status effects
A: AC +4, unfitting armour, cold-blooded
a: no special abilities


You were on level 1 of the Dungeon.
You visited 1 branch of the dungeon, and saw 1 of its levels.

You collected 8 gold pieces.

Inventory:

Hand Weapons
 a - a +2 dagger
 c - a +0 mace (weapon)
Missiles
 b - a curare-tipped dart (quivered)
 d - 3 poisoned darts
Scrolls
 f - a scroll of enchant weapon {unknown}
Potions
 e - a potion of attraction


   Skills:
 + Level 1.1 Fighting
 + Level 2.0 Maces & Flails
 + Level 4.5 Throwing
 + Level 1.0 Dodging
 + Level 1.0 Evocations


You couldn't memorise any spells.
You didn't know any spells.
Your spell library was empty.

Dungeon Overview and Level Annotations

Branches:
Dungeon (1/15)

Altars:


Innate Abilities, Weirdness & Mutations

Your plain brown scales are hard. (AC +4)
You cannot fit into any form of body armour.
You are cold-blooded and may be slowed by cold attacks.


Message History

Found 2 coppery potions.
f - a scroll labelled NOUXKA TITIGH A kobold comes into view.
It is wielding a +0 club.
The kobold shouts!
The kobold hits you with a +0 club. The kobold hits you but does no damage.
You hit the kobold.
You kill the kobold!
You see here a +0 club.
A rat comes into view.
The rat barely misses you.
You hit the rat but do no damage. You tail-slap the rat.
You kill the rat!
A hobgoblin comes into view.
A goblin comes into view. It is wielding a +0 club.
Found a scroll labelled DUEMUMEURE.
Found a stone staircase leading down.
The goblin shouts!
A kobold comes into view. It is wielding a +0 whip.
A bat comes into view.
A goblin comes into view. It is wielding a +0 club.
The kobold shouts!
A giant cockroach comes into view.
An endoplasm comes into view.
You miss the kobold. The bat barely misses you. The goblin closely misses you.
An endoplasm comes into view.
The kobold hits you but does no damage.
You barely miss the kobold. The bat barely misses you.
The hobgoblin barely misses you. The goblin hits you with a +0 club.
The kobold completely misses you. The goblin closely misses you.
The hobgoblin hits you but does no damage.
The kobold hits you with a +0 whip. The goblin hits you with a +0 club.
The goblin hits you but does no damage.
You hit the kobold but do no damage.
Your tail-slap misses the kobold.
The bat hits you. The bat hits you but does no damage.
The goblin hits you with a +0 club.
* * * LOW HITPOINT WARNING * * *
The goblin completely misses you. The hobgoblin hits you.
* * * LOW HITPOINT WARNING * * *
The kobold hits you with a +0 whip.
You die...

..................###.##
..................# ..#
..................###...
........................
...J...............# ..#
...................##..+
..................).#..#
......b...........#....!
......g@..#########..#..
##....gKg...# #....#
#?...JB....# ####..##
#..........# #.......
#..........# #....###
#..........# #.......
............# #.......
............# #.......
###.....


You could see 2 endoplasms, a giant cockroach, a hobgoblin, 2 goblins, a bat and
a kobold.

Vanquished Creatures
  A kobold (D:1)
  2 rats (D:1)
3 creatures vanquished.

Notes
Turn   | Place    | Note
-------+----------+-------------------------------------------
     0 | D:1      | jamesblauser the Draconian Wanderer began the quest for the
                  | Orb.
     0 | D:1      | jamesblauser set off with the following items: a +2 dagger,
                  | a curare-tipped dart, a +0 mace, a scroll of teleportation,
                  | a potion of attraction.
     0 | D:1      | Reached XP level 1. HP: 16/16 MP: 1/1
   109 | D:1      | Slain by a kobold

Illustrated notes

Levels and vault maps discovered:
D:1:      grunt_arrival_crossed_arrows, layout_basic,
          hellmonk_ecumenical_altar_dog_temple, kennysheep_flooded_box

Action                   || total
-------------------------++-------
Melee: Mace              ||     6
       Tailslap          ||     1
  Use: Scroll            ||     1
Armor: Skin              ||     6
Dodge: Dodged            ||     8
